 Dungeon Crawl Stone Soup version 0.22.1-1-ga44c0e56f4 (webtiles) character file.

83 Divine the Sneak (level 4, -2/23 HPs)
             Began as a Vine Stalker Assassin on Oct 5, 2018.
             Slain by an iguana (5 damage)
             ... on level 3 of the Dungeon.
             The game lasted 00:04:40 (1578 turns).

Divine the Sneak (Vine Stalker Assassin)            Turns: 1578, Time: 00:04:41

Health: -2/23      AC:  3    Str: 14    XL:     4   Next: 44%
Magic:  0/14       EV: 12    Int: 11    God:
Gold:   59         SH:  0    Dex: 16    Spells: 3/3 levels left

rFire    . . .     SeeInvis .   a - +2 dagger
rCold    . . .     Gourm    .   (no shield)
rNeg     . . .     Faith    .   c - +0 robe
rPois    .         Spirit   +   (no helmet)
rElec    .         Reflect  .   d - +0 cloak
rCorr    .         Harm     .   (no gloves)
MR       .....                  (no boots)
Stlth    +++.......             (no amulet)
HPRegen  0.47/turn              q - ring of magical power
MPRegen  0.14/turn              (no ring)

@: no status effects
A: fangs 2, regeneration 1, magic shield, antimagic bite, no potion heal 3, rot
immunity
a: no special abilities


You were on level 3 of the Dungeon.
You were very hungry.

You visited 1 branch of the dungeon, and saw 3 of its levels.

You collected 59 gold pieces.

Inventory:

Hand Weapons
 a - a +2 dagger (weapon)
 b - a +0 blowgun
Missiles
 e - 8 poisoned needles
 f - 2 curare-tipped needles
Armour
 c - a +0 robe (worn)
 d - a +0 cloak (worn)
Jewellery
 q - a ring of magical power (left hand)
Scrolls
 i - a scroll of immolation {unknown}
 j - a scroll of enchant weapon {unknown}
 k - a scroll of random uselessness {unknown}
 l - a scroll of identify {unknown}
 m - a scroll of enchant armour {unknown}
 o - 3 scrolls of amnesia {unknown}
 p - a scroll of fog {unknown}
 r - a scroll of teleportation {unknown}
 u - a scroll of blinking {unknown}
 v - a scroll of remove curse {unknown}
Potions
 h - a potion of curing {unknown}
 n - a potion of mutation {unknown}
 s - a potion of haste {unknown}
 t - a potion of degeneration {unknown}
Comestibles
 g - 5 rations


   Skills:
 + Level 2.0 Fighting
 + Level 2.5 Short Blades
 + Level 1.9 Throwing
 + Level 1.1 Dodging
 + Level 6.3 Stealth


You had 3 spell levels left.
You didn't know any spells.
Your spell library was empty.

Dungeon Overview and Level Annotations

Branches:
Dungeon (3/15)

Altars:
Xom

Annotations:
D:3 1 transporter


Innate Abilities, Weirdness & Mutations

You have extremely sharp teeth.
Your natural rate of healing is unusually fast.
When hurt, damage is shared between your health and your magic reserves.
Your bite disrupts and absorbs the magic of your enemies.
Potions cannot restore your health.
You are immune to rotting.


Message History

The iguana barely misses you.
You hit the iguana but do no damage. You bite the iguana, but do no damage.
The iguana is lightly wounded.
The sky beast hits you. The sky beast shocks you.
You hit the iguana. You bite the iguana, but do no damage.
The iguana is moderately wounded.
The iguana bites you!
* * * LOW HITPOINT WARNING * * *
The sky beast closely misses you.
You hit the iguana. You bite the iguana. You drain its power.
You feel invigorated.
The iguana is heavily wounded.
The iguana barely misses you. The sky beast hits you.
* * * LOW HITPOINT WARNING * * *
The sky beast shocks you.
* * * LOW HITPOINT WARNING * * *
You hit the iguana but do no damage. You bite the iguana, but do no damage.
The iguana is heavily wounded.
The iguana bites you!
You die...

......!.#.##
###.....#.<#
..##"...#..#
#$8#....#..#
...#...>...#
...#..#.######
©..#©?.......#
...#..?....†.#
..Z#...@†....#
#.8#..Yl.....#
..##.........#
###.......#.##
....#......?#
#.###...#...#
# #...###.#
..... ..


You could see a sky beast, an iguana and an adder zombie.

Vanquished Creatures
  3 adders (D:2)
  3 oozes (D:1)
  A worm (D:2)
  2 dart slugs
  2 leopard geckos (D:1)
  5 bats (D:1)
  7 hobgoblins
  2 jackals (D:2)
  A frilled lizard (D:3)
  3 goblins
  4 kobolds
  5 rats
38 creatures vanquished.

Notes
Turn   | Place    | Note
-------+----------+-------------------------------------------
     0 | D:1      | Divine the Vine Stalker Assassin began the quest for the
                  | Orb.
     0 | D:1      | Reached XP level 1. HP: 11/11 MP: 2/2
   136 | D:1      | Reached skill level 5 in Stealth
   146 | D:1      | Reached XP level 2. HP: 5/15 MP: 3/3
   653 | D:1      | Reached XP level 3. HP: 11/18 MP: 4/4
  1039 | D:2      | Reached skill level 6 in Stealth
  1275 | D:2      | Reached skill level 1 in Dodging
  1275 | D:2      | Gained mutation: Your natural rate of healing is unusually
                  | fast. [Vine Stalker growth]
  1275 | D:2      | Reached XP level 4. HP: 12/23 MP: 5/5
  1362 | D:2      | Found a shimmering altar of Xom.
  1557 | D:3      | Found a transporter.
  1566 | D:3      | Noticed a sky beast
  1578 | D:3      | Slain by an iguana

Skill      XL: |  1  2  3 |
---------------+----------+-----
Stealth        | 5 6 |  6.3
Short Blades   | 2 |  2.5
Fighting       | 2 |  2.0
Dodging        | 1 |  1.1
Throwing       | |  1.9

Action                   |  1- 3 |  4- 6 || total
-------------------------+-------+-------++-------
Melee: Dagger            |    89 |    23 ||   112
       Bite              |    22 |     7 ||    29
 Stab: Sleeping          |     6 |     4 ||    10
  Eat: Chunk             |     1 |       ||     1
Armor: Robe              |     8 |     2 ||    10
Dodge: Dodged            |    39 |     8 ||    47
